 Dungeon Crawl Stone Soup version 0.19-a0-816-geccf914 (webtiles) character file.

1225 Ordine the Thaumaturge (level 8, -4/44 HPs)
             Began as a Deep Elf Wizard on June 29, 2016.
             Killed by nerve-wracking pain
             ... invoked by a shadow imp
              (9 damage)
             ... on level 6 of the Dungeon.
             The game lasted 00:18:32 (5724 turns).

Ordine the Thaumaturge (Deep Elf Wizard)            Turns: 5724, Time: 00:18:33

Health: -4/44      AC:  7    Str:  4    XL:     8   Next: 23%
Magic:  5/23       EV: 14    Int: 26    God:
Gold:   191        SH:  0    Dex: 13    Spells: 5 memorised, 14 levels left

rFire  . . .     SeeInvis .     n - +0 spear (pierce)
rCold  . . .     Gourm    .     a - +1 robe
rNeg   . . .     Faith    .     (no shield)
rPois  .         Spirit   .     j - +0 helmet
rElec  .         Dismiss  .     A - +0 cloak
rCorr  .         Reflect  .     l - +1 pair of gloves
SustAt +         Harm     .     (no boots)
MR     .....                    (no amulet)
Stlth  ++........               (no ring)
                                t - ring of sustain attributes

@: repel missiles, not resistant to hostile enchantments, unstealthy
A: no striking features
a: no special abilities


You were on level 6 of the Dungeon.
You were not hungry.

You visited 1 branch of the dungeon, and saw 6 of its levels.

You collected 191 gold pieces.

Inventory:

Hand Weapons
 n - a +0 spear of piercing (weapon)
Armour
 a - a +1 robe (worn)
 j - a +0 helmet (worn)
 l - a +1 pair of gloves (worn)
 A - a +0 cloak (worn)
Jewellery
 e - an uncursed ring of ice
 t - a ring of sustain attributes (left hand)
Wands
 v - a wand of iceblast (15/15)
 E - a wand of lightning (6/15)
Scrolls
 o - a scroll of fog
 u - 3 scrolls of teleportation
 x - a scroll of enchant armour
 y - 3 scrolls of blinking
 C - a scroll of remove curse
Potions
 b - 3 potions of curing
 i - 2 potions of heal wounds
 k - 3 potions of haste
 p - a potion of cancellation {unknown}
 q - 2 potions of brilliance {unknown}
 r - a potion of magic {unknown}
 s - a potion of flight {unknown}
 w - a potion of experience {unknown}
 B - 3 potions of lignification {unknown}
Books
 c - a book of Minor Magic

   Spells                             Type                      Level
   a - Magic Dart                     Conjuration                  1
   b - Blink                          Translocation                2
   c - Call Imp                       Summoning                    2
   d - Repel Missiles                 Charms/Air                   2
   e - Slow                           Hexes                        2
   f - Conjure Flame                  Conjuration/Fire             3
   g - Mephitic Cloud                 Conjuration/Poison/Air       3
 z - a book of Annihilations

   Spells                             Type                      Level
   a - Poison Arrow                   Conjuration/Poison           6
   b - Chain Lightning                Conjuration/Air              8
   c - Lehudib's Crystal Spear        Conjuration/Earth            8
   d - Glaciate                       Conjuration/Ice              9
   e - Fire Storm                     Conjuration/Fire             9
Comestibles
 d - 4 bread rations
 f - a royal jelly
 g - 2 slices of pizza
 h - 6 meat rations
 m - 4 fruits
 D - 4 chunks of flesh


   Skills:
 + Level 1.7 Fighting
 + Level 1.9 Armour
 + Level 4.0 Dodging
 - Level 2.4 Stealth
 * Level 9.0 Spellcasting
 + Level 4.5 Conjurations
   Level 1.1 Summonings
 - Level 3.1 Translocations
 + Level 2.6 Fire Magic
 + Level 2.4 Air Magic


You had 14 spell levels left.
You knew the following spells:

 Your Spells              Type           Power        Failure   Level  Hunger
a - Magic Dart            Conj           ####         1%          1    None
b - Blink                 Tloc           N/A          2%          2    None
c - Conjure Flame         Conj/Fire      ####....     4%          3    None
d - Mephitic Cloud        Conj/Pois/Air  ###.....     8%          3    None
i - Repel Missiles        Chrm/Air       ###...       6%          2    None


Dungeon Overview and Level Annotations

Branches:
Dungeon (6/15)
 Temple: D:4-7

Altars:
Nemelex Xobeh
Ru

Annotations:
D:6 WhatIsLove's ghost, novice DsGl


Message History

Here: WhatIsLove's ghost, wielding a weapon of speed The floor.
Unknown command.
Casting: Magic Dart
Confirm with . or Enter, or press ? or * to list all spells.
Aiming: Magic Dart
Press: ? - help, Shift-Dir - straight line, f/p - jackal
Aim: a jackal The magic dart hits the jackal.
You kill the jackal!
Casting: Magic Dart
Confirm with . or Enter, or press ? or * to list all spells.
Aiming: Magic Dart
Press: ? - help, Shift-Dir - straight line, f - ogre
Aim: an ogre, wielding a giant club (heavily wounded)
The magic dart hits the ogre.
The ogre is heavily wounded.
The shadow imp gestures at you. Pain shoots through your body!
You die...

#.5...W..## #........#
##......## ##..#####.#
##...... ###...#
#.#### ..####..
####...#.# #....# ...
#.# ###....###.#
####.( #..##...####
#.# ##. #.W..### #.##
#. #....5##### #>.##
##
#+###O§@..####..######
#####............###
#######.####.... #.#
#### ..#####(########
(...............
#.#####.######## .##
#.########
...###..#.....#


You could see an ogre, WhatIsLove's ghost and a shadow imp.

Vanquished Creatures
  An ice beast (D:5)
  3 ogres
  A crocodile (D:4)
  2 giant frogs
  3 crimson imps
  3 giant frog skeletons (D:5)
  3 hounds
  An orc priest (D:5)
  4 worker ants
  An orc wizard (D:5)
  A hound zombie (D:5)
  A worker ant zombie (D:6)
  A gnoll (D:1)
  A howler monkey skeleton (D:4)
  8 adders
  6 worms
  4 dart slugs
  6 giant geckos
  12 orcs
  6 giant cockroaches
  8 goblins
  3 hobgoblins (D:1)
  11 jackals
  4 kobolds
  3 quokkas
  A ball python (D:2)
  7 bats
  A giant gecko zombie (D:5)
  2 giant newts
  2 jackal zombies
  10 rats
120 creatures vanquished.

Notes
Turn   | Place    | Note
--------------------------------------------------------------
     0 | D:1      | Ordine the Deep Elf Wizard began the quest for the Orb.
     0 | D:1      | Reached XP level 1. HP: 10/10 MP: 7/7
   247 | D:1      | Reached XP level 2. HP: 14/15 MP: 7/9
   254 | D:1      | Learned a level 2 spell: Blink
   268 | D:1      | Reached skill level 5 in Spellcasting
   731 | D:1      | Reached XP level 3. HP: 13/19 MP: 0/11
   958 | D:1      | Learned a level 3 spell: Conjure Flame
   962 | D:1      | Learned a level 3 spell: Mephitic Cloud
   965 | D:1      | Learned a level 2 spell: Repel Missiles
  1517 | D:2      | Found a faded altar of an unknown god.
  1618 | D:2      | Reached XP level 4. HP: 24/24 MP: 2/13
  1944 | D:2      | Reached skill level 6 in Spellcasting
  2719 | D:3      | Reached XP level 5. HP: 28/28 MP: 11/15
  3156 | D:4      | Found a sparkling altar of Nemelex Xobeh.
  3527 | D:4      | Reached skill level 7 in Spellcasting
  3675 | D:4      | Noticed an ogre
  3697 | D:4      | Killed an ogre
  3697 | D:4      | Reached XP level 6. HP: 32/32 MP: 3/18
  4197 | D:4      | Reached skill level 8 in Spellcasting
  4395 | D:5      | Entered Level 5 of the Dungeon
  4410 | D:5      | Reached XP level 7. HP: 37/37 MP: 9/20
  4478 | D:5      | Reached skill level 1 in Air Magic
  4486 | D:5      | Reached skill level 1 in Fighting
  4486 | D:5      | Reached skill level 1 in Armour
  4486 | D:5      | Reached skill level 1 in Fire Magic
  5127 | D:5      | Reached XP level 8. HP: 43/43 MP: 15/22
  5455 | D:5      | Found a sacrificial altar of Ru.
  5592 | D:6      | Reached skill level 9 in Spellcasting
  5717 | D:6      | Noticed WhatIsLove's ghost (novice DsGl)
  5724 | D:6      | Killed from afar by a shadow imp

Vault maps used:
D:1:      elethiomel_arrival_shortcut, minmay_misc_feat_pillars,
          grunt_decor_one_mirror, minmay_hexomino_c4
D:2:      first_bread, ecumenical_altar_1
D:4:      nicolae_overflow_crystal_walls
D:5:      lemuel_round_altar, lemuel_flamethrower_1
D:6:      kennysheep_little_box

Skill      XL: |  1  2  3  4  5  6  7  8 |
---------------+-------------------------+-----
Spellcasting   | 5 6 7 8 9 |  9.0
Conjurations   | 2 3 4 |  4.5
Translocations | 2 3 |  3.1
Air Magic      | 2 |  2.4
Fighting       | 1 |  1.7
Armour         | 1 |  1.9
Fire Magic     | 2 |  2.6
Dodging        | 3 4 |  4.0
Stealth        | |  2.4
Summonings     | |  1.1

Action                   |  1- 3 |  4- 6 |  7- 9 || total
-------------------------+-------+-------+-------++-------
 Cast: Magic Dart        |   104 |   192 |   138 ||   434
       Repel Missiles    |     1 |       |       ||     1
       Conjure Flame     |       |     2 |     4 ||     6
       Blink             |       |     1 |     1 ||     2
       Mephitic Cloud    |       |     1 |     3 ||     4
  Use: Scroll            |     6 |     4 |     1 ||    11
  Eat: Chunk             |     2 |     8 |     4 ||    14
Armor: Robe              |    15 |    17 |     8 ||    40
Dodge: Dodged            |    28 |    33 |    23 ||    84
